 Dungeon Crawl Stone Soup version 0.26-a0-651-gb41185065b (webtiles) character file.

Game seed: 1151562542938035260

126 Ozzies the Ruffian (level 4, -1/45 HPs)
             Began as a Troll Monk on Oct 3, 2020.
             Was a Follower of Ru.
             Succumbed to a water moccasin's poison
             ... on level 3 of the Dungeon.
             The game lasted 00:03:06 (1833 turns).

Ozzies the Ruffian (Troll Monk)                     Turns: 1833, Time: 00:03:07

Health: -1/45      AC:  6    Str: 20    XL:     4   Next: 84%
Magic:  3/3        EV: 11    Int:  6    God:    Ru [*.....]
Gold:   68         SH:  0    Dex: 12    Spells: 3/3 levels left

rFire    . . .     SeeInvis .     - Unarmed
rCold    . . .     Faith    .   (no shield)
rNeg     . . .     Spirit   .   a - +0 robe
rPois    .         Reflect  .   (helmet restricted)
rElec    .         Harm     .   (no cloak)
rCorr    +         Rampage  .   (gloves unavailable)
MR       .....                  (boots unavailable)
Stlth    ++........             (no amulet)
HPRegen  0.55/turn              h - ring of resist corrosion
MPRegen  0.08/turn              (no ring)

@: lethally poisoned (-1 -> -20)
A: large, unfitting armour, claws 3, regeneration 1, shaggy fur 1, tough skin 3,
inability to train armour
a: Renounce Religion


You were on level 3 of the Dungeon.
You worshipped Ru.
Ru was aware of your devotion.
You visited 1 branch of the dungeon, and saw 3 of its levels.

You collected 68 gold pieces.

Inventory:

Missiles
 k - 2 throwing nets (quivered)
 l - 12 poisoned darts
Armour
 a - a +0 robe (worn)
Jewellery
 h - a ring of resist corrosion (left claw)
Wands
 i - a wand of iceblast (10)
 o - a wand of paralysis (10)
Scrolls
 b - a scroll of magic mapping {unknown}
 d - 6 scrolls of identify {unknown}
 e - 3 scrolls of remove curse {unknown}
 f - a scroll of immolation {unknown}
 m - a scroll of teleportation {unknown}
Potions
 c - 2 potions of might {unknown}
 g - a potion of invisibility {unknown}
 j - a potion of curing {unknown}
 n - a potion of ambrosia {unknown}


   Skills:
 * Level 3.5 Fighting
 + Level 1.4 Throwing
 - Level 3.0 Dodging
 - Level 1.0 Stealth
 + Level 3.6 Unarmed Combat


You had 3 spell levels left.
You didn't know any spells.
Your spell library was empty.

Dungeon Overview and Level Annotations

Branches:
Dungeon (3/15)

Altars:
Nemelex Xobeh
Ru


Innate Abilities, Weirdness & Mutations

You are too large for most types of armour.
You have claws for hands.
Your natural rate of healing is unusually fast.
You are covered in fur. (AC +1)
You have extremely tough skin. (AC +3)
You cannot train Armour skill.


Message History

You miss the water moccasin.
You feel sick. The water moccasin closely misses you.
The water moccasin bites you.
You scratch the water moccasin but do no damage.
You feel sick. The water moccasin closely misses you.
You scratch the water moccasin but do no damage.
The water moccasin bites you.
You closely miss the water moccasin.
You feel sick. The water moccasin barely misses you.
You claw the water moccasin! x2
The water moccasin is severely wounded.
You feel sick. The water moccasin bites you!
* * * LOW HITPOINT WARNING * * *
You are lethally poisoned!
The water moccasin poisons you! The water moccasin bites you!
* * * LOW HITPOINT WARNING * * *
You are more poisoned.
The water moccasin poisons you!
You barely miss the water moccasin.
The water moccasin is severely wounded.
You die...

#......##.# #########..
##. #. ## ######## ###
#.#......############..
#>.....................
#..S@...........###.#
............#..........#
###.####....####...#####
# .....#.######.# #
#######.......# #
#....##.# # #....#### #
#....########
####..........##


You could see a water moccasin.

Vanquished Creatures
  An orc wizard (D:2)
  2 adders
  An ooze (D:2)
  2 dart slugs
  A leopard gecko (D:1)
  An orc (D:3)
  A ball python (D:2)
  2 giant cockroaches
  11 goblins
  9 hobgoblins
  8 jackals (D:2)
  3 quokkas
  8 bats
  A frilled lizard (D:1)
  9 kobolds
  6 rats
66 creatures vanquished.

Notes
Turn   | Place    | Note
-------+----------+-------------------------------------------
     0 | D:1      | Ozzies the Troll Monk began the quest for the Orb.
     0 | D:1      | Reached XP level 1. HP: 22/22 MP: 0/0
   176 | D:1      | Reached XP level 2. HP: 29/29 MP: 1/1
   650 | D:2      | Reached XP level 3. HP: 34/37 MP: 2/2
   877 | D:2      | Reached skill level 1 in Throwing
   901 | D:2      | Reached XP level 4. HP: 40/45 MP: 3/3
  1210 | D:2      | Found a sacrificial altar of Ru.
  1222 | D:2      | Became a worshipper of Ru the Awakened
  1229 | D:2      | Gained mutation: You cannot train Armour skill. [Ru
                  | sacrifice]
  1229 | D:2      | Reached * piety under Ru
  1523 | D:3      | Found a sparkling altar of Nemelex Xobeh.
  1820 | D:3      | Noticed a water moccasin
  1832 | D:3      | HP: 2/45 [water moccasin (7)]
  1833 | D:3      | Succumbed to a water moccasin's poison

Illustrated notes

Levels and vault maps discovered:
D:1:      minmay_arrival_four_loops, layout_loops_ring,
          corexii_item_surrounded_by_moat
D:2:      layout_basic, nicolae_overflow_hidden_temple,
          nicolae_ru_great_annihilating_truth, minmay_diced_spiral
D:3:      layout_basic, old_standard_altar

Skill      XL: |  1  2  3  4 |
---------------+-------------+-----
Fighting       | 3 |  3.5
Throwing       | 1 |  1.4
Dodging        | 3 |  3.0
Stealth        | |  1.0
Unarmed Combat | |  3.6

Action                   |  1- 3 |  4- 6 || total
-------------------------+-------+-------++-------
Melee: Unarmed           |   111 |    46 ||   157
       Punch             |     3 |     2 ||     5
Invok: Sacrifice Durabil |       |     1 ||     1
 Stab: Sleeping          |     1 |     2 ||     3
       Paralysed         |       |     1 ||     1
Armor: Robe              |    65 |     7 ||    72
Dodge: Dodged            |    92 |    29 ||   121

Table legend: (Time is in decaauts)
 A = Elapsed time spent in this place.
 B = Non-inter-level travel time spent in this place.
 C = Inter-level travel time spent in this place.
 D = Time resting spent in this place.
 E = Time spent auto-exploring this place.
 F = Levels seen in this place.
 G = Mean time per level.
                   A        B        C        D        E       F      G
               +--------+--------+--------+--------+--------+-----+--------+
         Total |   1822 |   1754 |     68 |      0 |   1418 |   3 |  607.3 |
       Dungeon |   1822 |   1754 |     68 |      0 |   1418 |   3 |  607.3 |
               +--------+--------+--------+--------+--------+-----+--------+

Top non-repeatable levels by time:
     D:2: 832 daAuts
     D:1: 585 daAuts
     D:3: 404 daAuts
